 Dungeon Crawl Stone Soup version 0.18.1-50-g88ac8fd (webtiles) character file.

35 Nordron the Changer (level 3, -4/31 HPs)
             Began as a Naga Transmuter on Sept 29, 2016.
             Slain by a gnoll
             ... wielding a +0 spear
              (6 damage)
             ... on level 1 of the Dungeon.
             The game lasted 00:04:17 (1560 turns).

Nordron the Changer (Naga Transmuter)               Turns: 1560, Time: 00:04:18

Health: -4/31      AC:  2    Str: 12    XL:     3   Next: 33%
Magic:  5/6        EV: 10    Int: 13    God:
Gold:   50         SH:  0    Dex: 12    Spells: 2 memorised, 2 levels left

rFire  . . .     SeeInvis +       - Unarmed
rCold  . . .     Gourm    .     b - +0 robe
rNeg   . . .     Faith    .     (no shield)
rPois  +         Spirit   .     (no helmet)
rElec  .         Dismiss  .     (no cloak)
rCorr  .         Reflect  .     (no gloves)
SustAt .         Harm     .     (no barding)
MR     .....                    (no amulet)
Stlth  +.........               (no ring)
                                (no ring)

@: appendage (expiring), very slow, not resistant to hostile enchantments, very
unstealthy
A: horns 2, see invisible, deformed body, poison resistance, slowness 2, slow
metabolism 1, spit poison 2, AC +1
a: Spit Poison, End Transformation


You were on level 1 of the Dungeon.
You were not hungry.
You had grown temporary horns.
You visited 1 branch of the dungeon, and saw 1 of its levels.

You collected 50 gold pieces.

Inventory:

Hand Weapons
 h - a +0 dagger
Missiles
 a - 12 arrows
Armour
 b - a +0 robe (worn)
 g - a +0 helmet
Scrolls
 e - a scroll of teleportation {unknown}
Books
 c - a book of Changes

   Spells                             Type                      Level
   a - Beastly Appendage              Transmutation                1
   b - Sticks to Snakes               Transmutation                2
   c - Spider Form                    Transmutation/Poison         3
   d - Ice Form                       Ice/Transmutation            4
   e - Blade Hands                    Transmutation                5
Comestibles
 d - 2 bread rations
 f - 2 chunks of flesh


   Skills:
 - Level 1.0 Fighting
 - Level 1.5 Dodging
 - Level 3.0 Unarmed Combat
 - Level 2.0 Spellcasting
 + Level 3.6 Transmutations


You had 2 spell levels left.
You knew the following spells:

 Your Spells              Type           Power        Failure   Level  Hunger
a - Beastly Appendage     Trmt           ##....       8%          1    ##.....
b - Spider Form           Trmt/Pois      #.........   38%         3    ####...


Dungeon Overview and Level Annotations

Branches:
Dungeon (1/15)

Altars:


Innate Abilities, Weirdness & Mutations

You cannot wear boots.
Your serpentine skin is tough (AC +1).
You have supernaturally acute eyesight.
Armour fits poorly on your strangely shaped body.
Your system is resistant to poisons.
You cover ground very slowly.
You have a slow metabolism.
You can spit poison.
You have a pair of horns on your head.


Message History

You barely miss the gnoll.
The gnoll is moderately wounded.
The gnoll hits you with a spear.
You hit the gnoll. You headbutt the gnoll.
The gnoll is severely wounded.
The gnoll barely misses you.
You closely miss the gnoll. Your punch misses the gnoll.
The gnoll is severely wounded.
The gnoll barely misses you.
You hit the gnoll but do no damage.
The gnoll is severely wounded.
The gnoll hits you with a spear.
You barely miss the gnoll.
The gnoll is severely wounded.
The gnoll hits you with a spear!
* * * LOW HITPOINT WARNING * * *
You hit the gnoll but do no damage.
The gnoll is severely wounded.
The gnoll hits you with a spear.
You die...

.......#.# #...........##...#...
.##....#.####...........#....รท...
.##....#....+...........#....#...
.####+##.####...........#....#...
......##................#....#...
#.##.....####.........# #....#...
..##.##### #.........# #....#...
#....#########+#g# #....#...
.............#.#@########.#######
#.)#########.#.#..........# ...#
#.#.#.########## ##.# #.#.#######
...# #..........
##############.######
...............# ################


You could see a gnoll.

Vanquished Creatures
  An ooze (D:1)
  3 dart slugs (D:1)
  2 giant geckos (D:1)
  4 bats (D:1)
  A giant cockroach (D:1)
  5 goblins (D:1)
  A kobold (D:1)
  4 giant newts (D:1)
  2 rats (D:1)
23 creatures vanquished.

Notes
Turn   | Place    | Note
--------------------------------------------------------------
     0 | D:1      | Nordron the Naga Transmuter began the quest for the Orb.
     0 | D:1      | Reached XP level 1. HP: 18/18 MP: 3/3
   341 | D:1      | Reached XP level 2. HP: 10/25 MP: 3/5
  1121 | D:1      | Reached XP level 3. HP: 14/31 MP: 6/6
  1547 | D:1      | Learned a level 3 spell: Spider Form
  1560 | D:1      | Slain by a gnoll

Skill      XL: |  1  2 |
---------------+-------+-----
Transmutations | 3 |  3.6
Fighting       | |  1.0
Dodging        | |  1.5
Unarmed Combat | |  3.0
Spellcasting   | |  2.0

Action                   || total
-------------------------++-------
Melee: Unarmed           ||   100
       Headbutt          ||     9
 Cast: Beastly Appendage ||    17
 Stab: Sleeping          ||     2
  Eat: Chunk             ||     1
Armor: Robe              ||    26
Dodge: Dodged            ||    37
